 Dungeon Crawl Stone Soup version 0.30.1-5-ged363bc7ee (webtiles) character file.

Game seed: 14733195958654503630

6136 growler the Zephyrmancer (level 10, -1/54 HPs)
             Began as a Tengu Air Elementalist on Sept 19, 2023.
             Was a Follower of Hepliaklqana.
             Killed by their own static electricity (2 damage)
             ... on level 10 of the Dungeon.
             The game lasted 00:21:17 (11179 turns).

growler the Zephyrmancer (Tengu Air Elementalist)  Turns: 11179, Time: 00:21:17

Health: -1/54      AC: 14    Str: 15    XL:     10   Next: 89%
Magic:  7/21       EV: 14    Int: 19    God:    Hepliaklqana [*.....]
Gold:   649        SH:  5    Dex: 15    Spells: 12/22 levels left

rFire   . . .        D - +3 dagger (protect)
rCold   . . .        (no shield)
rNeg    . . .        a - +0 robe
rPois   .            l - +2 hat
rElec   .            (no cloak)
rCorr   .            A - +2 pair of gloves
SInv    .            (boots unavailable)
Will    .....        i - amulet of reflection
Stlth   ++           y - +6 ring of strength
HPRegen 0.29/turn    (no ring)
MPRegen 0.17/turn

%: reflection
@: under a protective aura, flying quickly and evasively, quick
A: reduced essence, beak, talons 3, nimble flight
a: Renounce Religion, Recall Ancestor, Ancestor Identity


You were on level 10 of the Dungeon.
You worshipped Hepliaklqana.
Hepliaklqana was aware of your devotion.
You visited 2 branches of the dungeon, and saw 11 of its levels.

You collected 649 gold pieces.

Inventory:

Hand Weapons
 D - a +3 dagger of protection (weapon)
 E - a +2 dagger of holy wrath
 K - the +7 staff of the Meek {protect, meekguard}
   (You took it off a kobold on level 8 of the Dungeon)
 M - a +2 dagger of venom
Armour
 a - a +0 robe (worn)
 l - a +2 hat (worn)
 w - a +1 buckler
 A - a +2 pair of gloves (worn)
Jewellery
 i - an amulet of reflection (around neck)
 y - a +6 ring of strength (left hand)
 C - a ring of resist corrosion
Wands
 q - a wand of mindburst (10)
 I - a wand of charming (13)
 L - a wand of quicksilver (4)
Scrolls
 c - a scroll of blinking {unknown}
 e - a scroll of amnesia
 f - a scroll of fog
 g - 3 scrolls of identify
 j - 2 scrolls of teleportation
 n - a scroll of enchant armour
 o - 2 scrolls of enchant weapon
 u - a scroll of torment {unknown}
 v - 2 scrolls of magic mapping
 x - 2 scrolls of fear {unknown}
 F - a scroll of poison {unknown}
 G - a scroll of vulnerability {unknown}
 H - a scroll of immolation {unknown}
 N - a scroll of summoning {unknown}
Potions
 b - 3 potions of magic
 d - 2 potions of degeneration
 h - a potion of berserk rage
 k - 3 potions of mutation
 m - 2 potions of heal wounds
 p - 3 potions of haste {unknown}
 r - 3 potions of curing
 s - 2 potions of flight {unknown}
 t - 2 potions of lignification {unknown}
 z - a potion of resistance
 B - 3 potions of attraction {unknown}
 J - a potion of brilliance {unknown}


   Skills:
 + Level 5.8 Fighting
 + Level 6.4 Short Blades
 - Level 2.1 Dodging
 - Level 2.0 Stealth
 - Level 6.8 Spellcasting
 - Level 9.3 Conjurations
 + Level 12.6 Air Magic


You had 12 spell levels left.
You knew the following spells:

 Your Spells              Type           Power      Damage    Failure   Level
a - Shock                 Conj/Air       100%       1d9       1%          1
b - Static Discharge      Conj/Air       96%        2-6/arc   1%          2
c - Swiftness             Air            53%        N/A       1%          3
d - Airstrike             Air            26%        2d(4-20)  1%          4

Your spell library contained the following spells:

 Spells                   Type           Power      Damage    Failure   Level
 Lesser Beckoning         Tloc           12%        N/A       16%         2
 Flame Wave               Conj/Fire      24%        2d8       16%         4
 Sticky Flame             Conj/Fire      24%        2d5       16%         4
 Frozen Ramparts          Ice            12%        1d2       30%         3
 Gell's Gravitas          Tloc           6%         N/A       30%         3
 Ignite Poison            Fire/Tmut/Pois 6%         N/A       30%         3
 Inner Flame              Hex/Fire       6%         N/A       30%         3
 Ozocubu's Armour         Ice            6%         N/A       30%         3
 Teleport Other           Tloc           6%         N/A       30%         3
 Animate Armour           Summ/Erth      12%        N/A       71%         4
 Ice Form                 Ice/Tmut       6%         N/A       71%         4
 Summon Ice Beast         Ice/Summ       6%         N/A       71%         4
 Iron Shot                Conj/Erth      12%        9d3       93%         6
 Blade Hands              Tmut           3%         N/A       96%         5
 Summon Forest            Summ/Tloc      3%         N/A       96%         5
 Summon Mana Viper        Hex/Summ       6%         N/A       96%         5
 Summon Cactus Giant      Summ           3%         N/A       100%        6
 Ozocubu's Refrigeration  Ice            3%         4d8       100%        7
 Ignition                 Fire           3%         3d4       100%        8


Dungeon Overview and Level Annotations

Branches:
Dungeon (10/15)            Temple (1/1) D:6
   Lair: D:8-11         Orc: D:9-12

Altars:
Ashenzari
Cheibriados
Dithmenos
Elyvilon
Fedhas
Gozag
Hepliaklqana
Kikubaaqudgha
Makhleb
Nemelex Xobeh
Qazlal
Ru
Sif Muna
Trog
Uskayaw
Wu Jian
Xom
Yredelemnul
Zin
The Shining One

Shops:
D:5 =   D:7 **[   D:8 !

Portals:
Trove: D:10 (show slimy rune of Zot)


Innate Abilities, Weirdness & Mutations

Your life essence is reduced to manifest your ancestor. (-10% HP)
You have a beak for a mouth.
You have claws for feet.
Your magical nature lets you fly swiftly and evasively.


Message History

Reggie B. is destroyed!
There is a stone staircase leading up here.
Something hits you. x2
You fly upwards.
Reactivating autopickup.
There is a stone staircase leading down, spattered with blood here.
Deactivating autopickup; reactivate with Ctrl-A.
You hit something but do no damage.
Your weapon exudes an aura of protection.
Your kick misses something. Something barely misses you.
You hit something but do no damage. Your kick misses something.
Your peck misses something. Something hits you but does no damage.
Something barely misses you.
You hit something. Your kick misses something.
Something hits you but does no damage.
Casting: Airstrike (dangerous; 1% risk of failure)
Confirm with . or Enter, or press ? or * to list all spells.
Something is struck by an arc of lightning.
You are struck by an arc of lightning.
* * * LOW HITPOINT WARNING * * *
Something is struck by an arc of lightning.
The lightning grounds out.
Something hits you.
* * * LOW HITPOINT WARNING * * *
Something hits you.
* * * LOW HITPOINT WARNING * * *
You fly downwards.
Reactivating autopickup.
The yak gores you.
* * * LOW HITPOINT WARNING * * *
There is a stone staircase leading up here.
Casting: Static Discharge (safe; 1% risk of failure)
Confirm with . or Enter, or press ? or * to list all spells.
The yak is struck by an arc of lightning.
The yak is almost dead.
You are struck by an arc of lightning.
* * * LOW HITPOINT WARNING * * *
The yak is struck by an arc of lightning!
You kill the yak!
You are struck by an arc of lightning.
You die...

###.......#..................
#....##..##................
##....##.##................
.....#...#................
.......∩..................
....#...#................
....##.####..............
#........#.###..##.#.##..
##...###@..<.....####....
#... ##.....##......... #...
#......##....)... .....
#.....#...# ##...... ....
##.######.# ##..... .... ...
.. ...... ... # ..... #...
....


There were no monsters in sight!

Vanquished Creatures
  Erica (D:9)
  A two-headed ogre (D:8)
  3 trolls
  A hornet (D:7)
  A wyvern (D:9)
  5 yaks (D:10)
  A steam dragon (D:7)
  Menkaure (D:7)
  A water moccasin (D:8)
  4 orc warriors
  An ice beast (D:7)
  A black bear (D:6)
  2 ogres
  A centaur (D:8)
  2 kobold brigands
  6 bullfrogs
  2 gnoll sergeants
  3 wights (D:9)
  3 killer bees (D:9)
  2 howler monkeys
  2 hounds
  4 jellies
  3 orc priests (D:7)
  2 iguanas (D:4)
  2 sleepcaps
  2 gnoll boudas (D:7)
  11 orc wizards
  21 gnolls
  3 adders
  A shadow imp (D:7)
  A white imp (D:7)
  3 worms
  2 dart slugs
  43 orcs
  10 endoplasms
  4 giant cockroaches
  8 goblins
  8 hobgoblins
  2 jackals (D:3)
  2 quokkas
  5 ball pythons
  A bat (D:4)
  5 frilled lizards
  19 kobolds
  3 rats
209 creatures vanquished.

Vanquished Creatures (collateral kills)
  A wight (D:9)
  A killer bee (D:9)
  A gnoll (D:9)
  An orc (D:9)
  A hobgoblin (D:9)
5 creatures vanquished.

Vanquished Creatures (others)
  3 ancestors
3 creatures vanquished.

Grand Total: 217 creatures vanquished

Notes
Turn   | Place    | Note
-------+----------+-------------------------------------------
     0 | D:1      | growler the Tengu Air Elementalist began the quest for the
                  | Orb.
     0 | D:1      | Reached XP level 1. HP: 10/10 MP: 4/4
   220 | D:1      | Reached XP level 2. HP: 15/15 MP: 3/6
   223 | D:1      | Learned a level 2 spell: Static Discharge
   714 | D:1      | Reached XP level 3. HP: 19/19 MP: 3/7
   718 | D:1      | Learned a level 3 spell: Swiftness
  1864 | D:3      | Reached skill level 5 in Air Magic
  1864 | D:3      | Reached XP level 4. HP: 17/24 MP: 0/9
  2868 | D:4      | Noticed an ogre
  2895 | D:4      | Gained mutation: Your magical nature lets you fly swiftly
                  | and evasively. [Tengu growth]
  2895 | D:4      | Reached XP level 5. HP: 27/28 MP: 3/10
  3085 | D:4      | Killed an ogre
  3086 | D:4      | Reached XP level 6. HP: 27/32 MP: 3/12
  3171 | D:4      | Identified the +2 ring mail "Ilyhaem" {Slay+2}
  3248 | D:4      | Reached skill level 6 in Air Magic
  3308 | D:3      | Learned a level 4 spell: Airstrike
  3752 | D:4      | Found an opulent altar of Gozag.
  4070 | D:5      | Entered Level 5 of the Dungeon
  4092 | D:5      | Reached skill level 5 in Conjurations
  4427 | D:5      | Found Ihovifana's Jewellery Shop.
  4471 | D:5      | Reached XP level 7. HP: 33/36 MP: 7/14
  4876 | D:6      | Reached skill level 7 in Air Magic
  5169 | D:6      | Found a sacrificial altar of Ru.
  5600 | D:6      | Found a staircase to the Ecumenical Temple.
  5626 | Temple   | Entered the Ecumenical Temple
  5823 | D:6      | Reached skill level 5 in Spellcasting
  5839 | D:6      | Reached XP level 8. HP: 41/41 MP: 12/16
  5980 | D:6      | Found a shimmering blue altar of Sif Muna.
  6018 | D:7      | Reached skill level 8 in Air Magic
  6114 | D:7      | Found an ornate altar of the Wu Jian Council.
  6245 | D:7      | Noticed a hornet
  6254 | D:7      | Killed a hornet
  6531 | D:7      | Reached skill level 9 in Air Magic
  6653 | D:7      | Found Haneoz's Assorted Antiques.
  6695 | D:7      | Found a white marble altar of Elyvilon.
  6704 | D:7      | Noticed Menkaure
  6708 | D:7      | Killed Menkaure
  6769 | D:7      | Reached XP level 9. HP: 36/45 MP: 11/19
  6964 | D:7      | Found Saupun's Assorted Antiques.
  6978 | D:7      | Found Nar Noid's Antique Armour Shop.
  7002 | D:7      | Found a stormy altar of Qazlal.
  7040 | D:7      | Identified the +0 ring mail of the Gloaming {Rampage Str+2}
  7657 | D:7      | Reached skill level 10 in Air Magic
  8047 | D:8      | Noticed a two-headed ogre
  8056 | D:8      | Killed a two-headed ogre
  8323 | D:8      | Reached skill level 11 in Air Magic
  8490 | D:8      | Found a hazy altar of Hepliaklqana.
  8517 | D:8      | Became a worshipper of Hepliaklqana the Forgotten
  8525 | D:8      | Reached XP level 10. HP: 29/56 MP: 11/21
  8684 | D:8      | Found Yczevipn's Distillery.
  8717 | D:8      | Noticed a seven-headed hydra
  8717 | D:8      | Noticed a two-headed ogre
  8719 | D:8      | Identified the +6 chain mail of the Eternal Void {rElec rN+
                  | Will++ Dex-5}
  8720 | D:8      | Noticed a tengu warrior
  8721 | D:8      | Noticed a deep elf pyromancer
  8721 | D:8      | Noticed a gargoyle
  8738 | D:8      | Noticed a centaur warrior
  8739 | D:8      | Identified the ring of Xom's Attic {Wiz rF- Str+8 Slay-6
                  | Stlth+}
  8739 | D:8      | Noticed a kobold demonologist
  8739 | D:8      | Noticed a purple ugly thing
  8749 | D:8      | Noticed a death knight
  9532 | D:9      | Found a glowing golden altar of the Shining One.
  9614 | D:9      | Reached * piety under Hepliaklqana
  9919 | D:9      | Noticed Erica
 10087 | D:9      | Killed Erica
 10088 | D:9      | Reached skill level 5 in Short Blades
 10088 | D:9      | Reached skill level 12 in Air Magic
 10204 | D:9      | Reached skill level 5 in Fighting
 10702 | D:10     | Entered Level 10 of the Dungeon
 10740 | D:10     | Found a portal to a secret trove of treasure.
 10764 | D:10     | Found a shadowy altar of Dithmenos.
 11002 | D:10     | Found a burning altar of Makhleb.
 11179 | D:10     | HP: 1/54 [/static electricity (5)]
 11179 | D:10     | Killed from afar by themself

Illustrated notes

Levels and vault maps discovered:
D:1:      spicycebolla_arrival_ecumenical, layout_basic
D:2:      minmay_evil_eye, layout_basic, kennysheep_nondescript
D:3:      layout_loops_ring, serial_park_tiny_pond, grunt_ministairs_4
D:4:      layout_gridville, mainiacjoe_overflow_tiny_flanked,
          cheibrodos_sewer_entry_sluice
D:5:      layout_rooms, serial_shops, shop
D:6:      layout_loops_ring, kennysheep_mini, nicolae_ru_the_path_less_chosen,
          temple_pool_b, nicolae_grassy_gnolls
D:7:      minmay_razor_zed, layout_basic, elyvilon_altar_5,
          kennysheep_little_box, general_overflow_altar, serial_shops,
          nicolae_shop_tiny_waterfront, nicolae_shop_peninsula,
          kennysheep_mini_moat, uniq_menkaure
D:8:      layout_rooms, mainiacjoe_overflow_surrounded_room, serial_shops,
          nicolae_shop_hallway_plus, minivault_12
D:9:      layout_roguey, nicolae_overflow_crystal_walls, enter_bailey_4,
          minmay_misc_feat_diagonals, minmay_misc_feat_x, uniq_erica
D:10:     layout_cave_pools, mainiacjoe_overflow_24_doors, bloody_makhleb,
          gammafunk_temple_overflow_elements, zombieorc2_lemuel,
          nicolae_trove_entry_crossroad
Temple:   zaba_magenta_temple

Skill      XL: |  1  2  3  4  5  6  7  8  9 10 |
---------------+-------------------------------+-----
Conjurations   | 2 3 4 5 6 8 9 |  9.3
Air Magic      | 5 6 7 9 11 12 | 12.6
Spellcasting   | 3 4 5 6 |  6.8
Fighting       | 3 5 |  5.8
Short Blades   | 3 6 |  6.4
Dodging        | |  2.1
Stealth        | |  2.0

Action                     |  1- 3 |  4- 6 |  7- 9 | 10-12 || total
---------------------------+-------+-------+-------+-------++-------
  Melee: Unarmed           |     2 |     5 |     4 |       ||    11
         Kick              |     1 |       |     8 |     6 ||    15
         Peck              |       |       |     3 |     4 ||     7
         Dagger            |       |       |    12 |    24 ||    36
         Punch             |       |       |       |     1 ||     1
   Cast: Shock             |    73 |   115 |   195 |       ||   383
         Static Discharge  |     5 |    10 |    39 |    17 ||    71
         Airstrike         |       |       |    11 |    55 ||    66
 Invoke: Recall Ancestor   |       |       |       |     1 ||     1
         Ancestor Identity |       |       |       |     1 ||     1
  Evoke: Wand              |       |       |     3 |       ||     3
    Use: Scroll            |       |     3 |    10 |       ||    13
   Stab: Sleeping          |       |     1 |       |       ||     1
 Armour: Robe              |     2 |     4 |    12 |     9 ||    27
  Dodge: Dodged            |     6 |    17 |    42 |    30 ||    95
  Block: Other             |       |       |    20 |    10 ||    30
         Reflection        |       |       |     1 |       ||     1
